 Dungeon Crawl Stone Soup version 0.29-a0-393-g47a863cc1b (webtiles) character file.

Game seed: 18106884750900876663

33 jimonade the Conjurer (level 3, -1/28 HPs)
             Began as a Deep Dwarf Conjurer on May 9, 2022.
             Frozen to death by an endoplasm (2 damage)
             ... on level 2 of the Dungeon.
             The game lasted 00:03:38 (2194 turns).

jimonade the Conjurer (Deep Dwarf Conjurer)         Turns: 2194, Time: 00:03:39

Health: -1/28      AC:  3    Str: 10    XL:     3   Next: 12%
Magic:  5/6        EV: 12    Int: 20    God:
Gold:   43         SH:  0    Dex: 11    Spells: 5/6 levels left

rFire   . . .      SeeInvis .   (no weapon)
rCold   . . .      Faith    .   (no shield)
rNeg    . . .      Spirit   .   a - +0 robe
rPois   .          Reflect  .   (no helmet)
rElec   .          Harm     .   n - +0 cloak
rCorr   .          Rampage  .   (no gloves)
Will    .....                   (no boots)
Stlth   ++........              (no amulet)
HPRegen 0.00/turn               (no ring)
MPRegen 0.10/turn               (no ring)

@: no status effects
A: damage resistance, heal wounds, sense surroundings 1, no regeneration
a: Heal Wounds


You were on level 2 of the Dungeon.
You visited 1 branch of the dungeon, and saw 2 of its levels.

You collected 43 gold pieces.

Inventory:

Armour
 a - a +0 robe (worn)
 m - a +0 buckler of positive energy
 n - a +0 cloak (worn)
Jewellery
 k - a ring of see invisible
Scrolls
 c - 2 scrolls of teleportation {unknown}
 d - a scroll of enchant armour {unknown}
 f - 2 scrolls of identify {unknown}
 l - a scroll of vulnerability {unknown}
Potions
 b - a potion of magic
 e - a potion of resistance {unknown}
 g - a potion of mutation {unknown}
 h - 2 potions of curing {unknown}
 i - 2 potions of brilliance {unknown}
 j - a potion of berserk rage {unknown}


   Skills:
 - Level 2.1 Dodging
 - Level 2.4 Stealth
 * Level 2.3 Spellcasting
 + Level 4.2 Conjurations


You had 5 spell levels left.
You knew the following spells:

 Your Spells              Type           Power      Damage    Failure   Level
a - Magic Dart            Conj           76%        1d6       2%          1

Your spell library contained the following spells:

 Spells                   Type           Power      Damage    Failure   Level
 Searing Ray              Conj           38%        2d5       4%          2
 Summon Small Mammal      Summ           8%         N/A       16%         1
 Dazzling Flash           Conj/Hex       20%        N/A       19%         3
 Call Canine Familiar     Summ           2%         N/A       43%         3
 Summon Guardian Golem    Hex/Summ       2%         N/A       43%         3
 Fulminant Prism          Conj/Hex       5%         3d7       54%         4
 Iskenderun's Mystic Bla  Conj/Tloc      10%        2d4       54%         4


Dungeon Overview and Level Annotations

Branches:
Dungeon (2/15)

Altars:


Innate Abilities, Weirdness & Mutations

You are resistant to damage.
You can heal yourself by infusing magical energy.
You passively map a small area around you.
You do not regenerate.


Message History

The worm is moderately wounded.
The worm bites you but does no damage.
You hit the worm.
The worm is moderately wounded.
The worm barely misses you. The worm barely misses you.
The worm barely misses you. The worm barely misses you. The worm bites you.
The worm barely misses you. The worm closely misses you. The worm bites you!
The worm barely misses you. The worm misses you. The worm bites you.
The worm bites you!
* * * LOW HITPOINT WARNING * * *
The worm closely misses you. The worm bites you but does no damage.
An endoplasm comes into view.
The worm completely misses you. The worm bites you but does no damage.
The endoplasm quivers.
The endoplasm hits you but does no damage.
The endoplasm freezes you.
You are frozen.
The worm bites you but does no damage. The endoplasm completely misses you.
The endoplasm barely misses you. The worm closely misses you.
The endoplasm hits you but does no damage.
The worm barely misses you.
The endoplasm jiggles.
The endoplasm closely misses you. The endoplasm freezes you.
You are frozen.
The worm barely misses you. The endoplasm barely misses you.
The endoplasm barely misses you. The worm bites you.
* * * LOW HITPOINT WARNING * * *
The endoplasm freezes you.
You are frozen.
You die...

, * * , #.. , * *#.# *
* * ... , #.###### * *
, #.##...#,* , ,
,,,*#.##...#, , ,
##.###..# ** * * *
#...w@J.# * ##.####.#
* , h..#######.# ,
,,,,.........#.#######
, , ..######.#.....>.#
, ,..........#####.#
,, #######.#.#####.# ,
, #.#.......# , ,,
#.#.#######


You could see a worm and an endoplasm.

Vanquished Creatures
  A dart slug (D:1)
  A giant cockroach (D:1)
  4 goblins (D:1)
  5 hobgoblins
  2 jackals
  4 kobolds (D:1)
  3 quokkas
  2 ball pythons (D:1)
  2 bats (D:1)
  3 frilled lizards (D:1)
27 creatures vanquished.

Notes
Turn   | Place    | Note
-------+----------+-------------------------------------------
     0 | D:1      | jimonade the Deep Dwarf Conjurer began the quest for the
                  | Orb.
     0 | D:1      | Reached XP level 1. HP: 15/15 MP: 3/3
  1036 | D:1      | Reached XP level 2. HP: 17/22 MP: 2/4
  1071 | D:1      | Reached skill level 4 in Conjurations
  1292 | D:1      | Found a faded altar of an unknown god.
  1971 | D:1      | Reached XP level 3. HP: 28/28 MP: 3/6
  2193 | D:2      | HP: 1/28 [worm (4)]
  2194 | D:2      | Frozen to death by an endoplasm

Illustrated notes

Levels and vault maps discovered:
D:1:      sevenhm_arrival_forest_fort_large_4, layout_loops_ring,
          hellmonk_ecumenical_altar_pennies_from_heaven, minmay_surrounded
D:2:      layout_basic

Skill      XL: |  1  2 |
---------------+-------+-----
Conjurations   | 4 |  4.2
Spellcasting   | 2 |  2.3
Dodging        | |  2.1
Stealth        | |  2.4

Action                   || total
-------------------------++-------
Melee: Unarmed           ||    10
       Punch             ||     1
 Cast: Magic Dart        ||    62
 Abil: Heal Wounds       ||     1
Armor: Robe              ||     7
Dodge: Dodged            ||    25

Table legend: (Time is in decaauts)
 A = Elapsed time spent in this place.
 B = Non-inter-level travel time spent in this place.
 C = Inter-level travel time spent in this place.
 D = Time resting spent in this place.
 E = Time spent auto-exploring this place.
 F = Levels seen in this place.
 G = Mean time per level.
                   A        B        C        D        E       F      G
               +--------+--------+--------+--------+--------+-----+--------+
         Total |   2196 |   2150 |     46 |    735 |   1131 |   2 | 1098.0 |
       Dungeon |   2196 |   2150 |     46 |    735 |   1131 |   2 | 1098.0 |
               +--------+--------+--------+--------+--------+-----+--------+

Top non-repeatable levels by time:
     D:1: 1997 daAuts
     D:2: 198 daAuts
